 Dungeon Crawl Stone Soup version bcrawl-1.39.2 (webtiles) character file.

Game seed: 4931213041934949895

267093 KristoblXynda the Conjurer (level 8, 0/97 (99) HPs)
             Began as a White Draconian Conjurer on Oct 11, 2023.
             Slain by Menkaure (1 damage)
             ... on level 5 of the Dungeon.
             The game lasted 00:06:38 (3744 turns).

KristoblXynda the Conjurer (DrCj)                   Turns: 3744, Time: 00:06:38

HP:   0/97 (99)     AC: 24    Str: 11    XL:     8   Next: 0%
MP:   7/14          EV:  1    Int: 23    God:
Gold: 202           SH:  0    Dex: 11    Spells: 12/16 levels left

rFire    . . .     GDR:     46% g - +2 whip (drain)
rCold    . . .     SeeInvis .   (no shield)
rNeg     + + +     Gourm    .   (armour unavailable)
rPois    +         Faith    .   (helmet currently unavailable)
rElec    .         Spirit   .   (cloak currently unavailable)
rCorr    .         Reflect  .   (gloves currently unavailable)
MR       .....     NoTele   +   (boots currently unavailable)
Stlth    ++........             (no amulet)
HPRegen  0.00/turn              j - +5 ring of intelligence
MPRegen  0.14/turn              (no ring)

@: tree-form, non-regenerating, badly diseased
A: giant, (breathe frost), unfitting armour, AC +6
a: no special abilities


You were on level 5 of the Dungeon.
You were hungry.
You were a tree.
You visited 1 branch of the dungeon, and saw 5 of its levels.

You collected 202 gold pieces.

Inventory:

Hand Weapons
 g - a +2 whip of draining (weapon)
Jewellery
 j - a +5 ring of intelligence (left branch)
Scrolls
 a - 2 scrolls of enchant armour
 h - 3 scrolls of fear
Potions
 b - a potion of magic
 d - a potion of degeneration {unknown}
 l - a potion of lignification
Comestibles
 e - 6 rations {!d}


   Skills:
 - Level 4.0 Fighting
 + Level 1.8 Maces & Flails
 + Level 4.5 Dodging
 - Level 2.1 Stealth
 + Level 4.6 Spellcasting
 + Level 6.1 Conjurations


You had 12 spell levels left.
You knew the following spells:

 Your Spells              Type           Power        Failure   Level  Hunger
a - Magic Dart            Conj           ####         1%          1    None
b - Iskenderun's Mystic   Conj           ####....     2%          3    ###....

Your spell library contained the following spells:

 Spells                   Type           Power        Failure   Level  Hunger
 Searing Ray              Conj           ####....     1%          2    None
 Fulminant Prism          Conj/Hex       ###.......   28%         4    #####..
 Irradiate                Conj/Tmut      ###.......   61%         5    ######.


Dungeon Overview and Level Annotations

Branches:
Dungeon (5/12)
 Temple: D:4-7

Altars:
Okawaru
Yredelemnul

Annotations:
D:5 Blork the orc, Menkaure


Innate Abilities, Weirdness & Mutations

((You can breathe waves of freezing cold.))
((You can buffet flying creatures when you breathe cold.))
((Your icy white scales are hard. (AC +6)))
You cannot fit into any form of body armour.
((Your flesh is cold resistant. (rC+)))
((You are cold-blooded and may be slowed by cold attacks.))


Message History

The hound zombie is heavily damaged.
Menkaure hits you.
* * * LOW HITPOINT WARNING * * *
The hound zombie bites you but does no damage.
Menkaure hits you but does no damage.
You hit Menkaure but do no damage.
Menkaure is heavily damaged.
The hound zombie bites you but does no damage.
Menkaure hits you!
* * * LOW HITPOINT WARNING * * *
The hound zombie bites you but does no damage.
You barely miss Menkaure.
Menkaure is heavily damaged.
You hear the slow rusting of a drain very nearby.
Menkaure hits you but does no damage.
The hound zombie bites you but does no damage.
You hit Menkaure but do no damage.
Menkaure is heavily damaged.
Menkaure hits you.
You die...

.......# .......#
#.#
.......#######.###
.......##........#
.......##.........
.......##.......###
.......##.........
.......##......M##
.......##......Z♣#
.......##.)....#.#
.......##......#..#
.......##......##.#
.......##......# ..
...............#
#.#
####.....####### ..
#.....# #.# #.....#
o.


You could see Menkaure and a hound zombie.

Vanquished Creatures
  A sky beast (D:3)
  3 ogres
  A necrophage (D:5)
  A kobold brigand (D:5)
  2 scorpions (D:4)
  A crimson imp (D:4)
  A hound (D:4)
  2 orc wizards (D:4)
  Natasha (thrice) (D:4)
  Ijyb (D:4)
  Robin (D:4)
  4 gnolls (D:2)
  2 adders
  4 worms
  4 dart slugs
  6 leopard geckos
  7 orcs (D:4)
  3 bats
  3 giant cockroaches (D:1)
  13 goblins
  9 hobgoblins
  3 jackals (D:2)
  2 quokkas (D:3)
  A ball python (D:1)
  3 frilled lizards (D:1)
  6 kobolds
  2 rats
89 creatures vanquished.

Notes
Turn   | Place    | Note
-------+----------+-------------------------------------------
     0 | D:1      | KristoblXynda the Draconian Conjurer began the quest for
                  | the Orb.
     0 | D:1      | Reached XP level 1. HP: 14/14 MP: 3/3
   346 | D:1      | Reached XP level 2. HP: 20/20 MP: 0/5
   849 | D:1      | Reached XP level 3. HP: 16/27 MP: 1/6
  1100 | D:1      | Reached skill level 1 in Fighting
  1532 | D:2      | Reached XP level 4. HP: 33/35 MP: 7/7
  1592 | D:2      | Learned a level 3 spell: Iskenderun's Mystic Blast
  1679 | D:2      | Found an iron altar of Okawaru.
  2024 | D:3      | Noticed a sky beast
  2039 | D:3      | Killed a sky beast
  2040 | D:3      | Reached XP level 5. HP: 24/42 MP: 3/9
  2556 | D:4      | Noticed an ogre
  2560 | D:4      | Noticed Robin
  2565 | D:4      | Killed an ogre
  2566 | D:4      | Reached skill level 5 in Conjurations
  2566 | D:4      | Reached XP level 6. HP: 33/50 MP: 3/11
  2733 | D:4      | Killed Robin
  2876 | D:4      | Found a basalt altar of Yredelemnul.
  2910 | D:4      | Noticed Natasha
  2912 | D:4      | Killed Natasha
  2916 | D:4      | Your scales start taking on an icy white colour.
  2916 | D:4      | Reached XP level 7. HP: 58/58 MP: 2/12
  2916 | D:4      | Gained mutation: Your flesh is cold resistant. (rC+) [White
                  | Draconian growth]
  3085 | D:4      | Noticed Natasha
  3089 | D:4      | Killed Natasha
  3104 | D:4      | Noticed Ijyb
  3112 | D:4      | Killed Ijyb
  3187 | D:4      | Noticed Natasha
  3201 | D:4      | Killed Natasha
  3648 | D:5      | Entered Level 5 of the Dungeon
  3651 | D:5      | Noticed Menkaure
  3674 | D:5      | Reached skill level 1 in Maces & Flails
  3706 | D:5      | Reached skill level 6 in Conjurations
  3725 | D:5      | Noticed Blork the orc
  3738 | D:5      | Reached XP level 8. HP: 14/65 MP: 6/14
  3742 | D:5      | HP: 1/97 [Menkaure (13)]
  3744 | D:5      | Slain by Menkaure

Skill      XL: |  1  2  3  4  5  6  7 |
---------------+----------------------+-----
Dodging        | 2 3 4 |  4.5
Fighting       | 1 2 3 4 |  4.0
Spellcasting   | 3 4 |  4.6
Conjurations   | 5 6 |  6.1
Maces & Flails | 1 |  1.8
Stealth        | |  2.1

Action                   |  1- 3 |  4- 6 |  7- 9 || total
-------------------------+-------+-------+-------++-------
Melee: Unarmed           |    69 |       |       ||    69
       Tailslap          |    42 |    22 |    26 ||    90
       Dagger            |    45 |       |       ||    45
       Whip              |    14 |   124 |   117 ||   255
 Cast: Magic Dart        |    50 |    20 |       ||    70
       Iskenderun's Myst |       |     4 |    13 ||    17
  Use: Scroll            |       |     5 |     4 ||     9
       Potion            |       |     2 |     1 ||     3
 Stab: Sleeping          |       |       |     2 ||     2
  Eat: Chunk             |     6 |     9 |     8 ||    23
Armor: Skin              |    46 |    51 |    56 ||   153
Dodge: Dodged            |    93 |    95 |    75 ||   263
